 Dungeon Crawl Stone Soup version 0.29-a0-923-g6e406bff71 (webtiles) character file.

Game seed: 12097001612123624268

20 xian the Vexing (level 2, -1/16 HPs)
             Began as a Deep Elf Arcane Marksman on July 28, 2022.
             Slain by a quokka (5 damage)
             ... on level 1 of the Dungeon.
             The game lasted 00:00:54 (570 turns).

xian the Vexing (Deep Elf Arcane Marksman)           Turns: 570, Time: 00:00:55

Health: -1/16      AC:  2    Str:  7    XL:     2   Next: 58%
Magic:  6/6        EV: 13    Int: 17    God:
Gold:   21         SH:  0    Dex: 15    Spells: 3/4 levels left

rFire   . . .      SeeInvis .   a - +1 sling
rCold   . . .      Faith    .   (no shield)
rNeg    . . .      Spirit   .   c - +0 robe
rPois   .          Reflect  .   (no helmet)
rElec   .          Harm     .   (no cloak)
rCorr   .          Rampage  .   (no gloves)
Will    .....                   (no boots)
Stlth   +.........              (no amulet)
HPRegen 0.05/turn               (no ring)
MPRegen 0.10/turn               (no ring)

@: no status effects
A: no striking features
a: no special abilities


You were on level 1 of the Dungeon.
You visited 1 branch of the dungeon, and saw 1 of its levels.

You collected 21 gold pieces.

Inventory:

Hand Weapons
 a - a +1 sling (weapon)
 h - a +0 whip
Armour
 c - a +0 robe (worn)
 f - a +0 plate armour
Scrolls
 b - a scroll of vulnerability
 d - 2 scrolls of identify {unknown}
 i - a scroll of butterflies {unknown}
 k - a scroll of immolation {unknown}
Potions
 e - a potion of haste {unknown}
 g - a potion of lignification {unknown}
 j - a potion of curing {unknown}


   Skills:
 + Level 0.9 Fighting
 + Level 3.3 Ranged Weapons
 + Level 2.7 Dodging
 + Level 1.8 Spellcasting
 + Level 4.4 Hexes


You had 3 spell levels left.
You knew the following spells:

 Your Spells              Type           Power      Damage    Failure   Level
a - Slow                  Hex            64%        N/A       3%          1

Your spell library contained the following spells:

 Spells                   Type           Power      Damage    Failure   Level
 Summon Small Mammal      Summ           4%         N/A       21%         1
 Inner Flame              Hex/Fire       9%         N/A       24%         3
 Portal Projectile        Hex/Tloc       18%        N/A       24%         3
 Summon Guardian Golem    Hex/Summ       9%         N/A       24%         3
 Call Canine Familiar     Summ           1%         N/A       52%         3
 Cause Fear               Hex            8%         N/A       30%         4


Dungeon Overview and Level Annotations

Branches:
Dungeon (1/15)

Altars:


Message History

You shoot a sling bullet.
The sling bullet closely misses the quokka.
You hear a shout! x2
A kobold comes into view. It is wielding a +0 short sword.
A bat comes into view.
You shoot a sling bullet.
The sling bullet hits the kobold but does no damage.
The kobold hits you with a +0 short sword.
You shoot a sling bullet. The sling bullet hits the kobold.
You kill the kobold!
The bat barely misses you.
A goblin comes into view. It is wielding a +0 dagger.
You shoot a sling bullet.
The sling bullet barely misses the quokka.
The bat hits you but does no damage.
You shoot a sling bullet.
The sling bullet closely misses the bat.
The bat hits you. The quokka bites you.
You shoot a sling bullet. The sling bullet hits the quokka.
The quokka is moderately wounded.
The bat barely misses you. The quokka closely misses you.
The bat closely misses you.
You shoot a sling bullet.
The sling bullet closely misses the quokka.
The sling bullet hits the goblin.
The goblin is moderately wounded.
The bat closely misses you. The quokka bites you.
The quokka closely misses you.
You are too injured to fight recklessly!
You are too injured to fight recklessly!
You are too injured to fight recklessly!
You are too injured to fight recklessly!
You are too injured to fight recklessly!
Unknown command.
The bat hits you but does no damage. The bat hits you but does no damage.
The bat hits you.
* * * LOW HITPOINT WARNING * * *
The quokka attacks as you move away! The quokka bites you.
You die...

. ####### .. ############
#.....# ... ...........#
#.....# .... ...........#
#.....# .....
)..........####...b.#......
..............'.@r.g)..........
............###.....#.........#
............###.....#
........###
......†.)....######## ####....
. ......)........# #...# #
......)........# #...# #
...............# #...# #
###########....# #...### ##..##
####...


You could see a quokka, a goblin and a bat.

Vanquished Creatures
  A dart slug (D:1)
  3 endoplasms (D:1)
  2 goblins (D:1)
  3 hobgoblins (D:1)
  2 ball pythons (D:1)
  A bat (D:1)
  3 frilled lizards (D:1)
  2 kobolds (D:1)
  A rat (D:1)
18 creatures vanquished.

Notes
Turn   | Place    | Note
-------+----------+-------------------------------------------
     0 | D:1      | xian the Deep Elf Arcane Marksman began the quest for the
                  | Orb.
     0 | D:1      | Reached XP level 1. HP: 11/11 MP: 5/5
   270 | D:1      | Reached XP level 2. HP: 9/16 MP: 6/6
   570 | D:1      | Slain by a quokka

Illustrated notes

Levels and vault maps discovered:
D:1:      giann_forest_graveyard, layout_basic

Skill      XL: |  1 |
---------------+----+-----
Ranged Weapons | 3 |  3.3
Fighting       | |  0.9
Dodging        | |  2.7
Spellcasting   | |  1.8
Hexes          | |  4.4

Action                   || total
-------------------------++-------
 Fire: Sling             ||    60
 Cast: Slow              ||     5
Armor: Robe              ||     7
Dodge: Dodged            ||    19

Table legend: (Time is in decaauts)
 A = Elapsed time spent in this place.
 B = Non-inter-level travel time spent in this place.
 C = Inter-level travel time spent in this place.
 D = Time resting spent in this place.
 E = Time spent auto-exploring this place.
 F = Levels seen in this place.
 G = Mean time per level.
                   A        B        C        D        E       F      G
               +--------+--------+--------+--------+--------+-----+--------+
         Total |    585 |    585 |      0 |      0 |    460 |   1 |  585.0 |
       Dungeon |    585 |    585 |      0 |      0 |    460 |   1 |  585.0 |
               +--------+--------+--------+--------+--------+-----+--------+

Top non-repeatable levels by time:
     D:1: 585 daAuts
